 Dungeon Crawl Stone Soup version 0.20.1-1-g8b1a95d (webtiles) character file.

231131 letownia2 the Executioner (level 19, 0/168 HPs)
             Began as a Deep Dwarf Necromancer on Nov 23, 2017.
             Was an Initiate of Gozag.
             Slain by an alligator snapping turtle (22 damage)
             ... on level 4 of the Shoals.
             The game lasted 03:41:41 (52552 turns).

letownia2 the Executioner (Deep Dwarf Necromancer) Turns: 52552, Time: 03:41:42

Health: 0/168      AC: 27    Str: 20    XL:     19   Next: 14%
Magic:  15/32      EV: 10    Int: 19    God:    Gozag
Gold:   3387       SH:  0    Dex: 16    Spells: 3/36 levels left

rFire    + . .     SeeInvis +   a - +8 executioner's axe (chop)
rCold    . . .     Gourm    .   (shield currently unavailable)
rNeg     + . .     Faith    +   l - +0 crystal plate armour
rPois    +         Spirit   .   O - +0 mask of the Dragon {MR+ Slay+3 SInv}
rElec    +         Reflect  .   w - scarf {repulsion}
rCorr    .         Harm     .   u - +1 pair of gloves {Dex+3}
MR       +++++                  A - +1 pair of boots "Ineson" {rElec rF+ MR+}
Stlth    ..........             f - amulet of Leonub {Faith rPois rC- MR+ Str+3}
Regen    0.0/turn               h - +3 ring of evasion
MPRegen  0.3/turn               F - ring of protection from cold

@: flying, non-regenerating, repel missiles
A: damage resistance, heal wounds, negative energy resistance 1, sense
surroundings 3, no regeneration
a: Heal Wounds, Potion Petition, Call Merchant, Bribe Branch, Renounce Religion


You were on level 4 of the Shoals.
You worshipped Gozag.
Gozag was most pleased with you.
You were not hungry.

You visited 7 branches of the dungeon, and saw 32 of its levels.
You also visited: Labyrinth, Bailey, Ice Cave and Desolation.

You collected 14352 gold pieces.
You spent 1362 gold pieces at shops.
You paid 9603 gold pieces to Gozag.

Inventory:

Hand Weapons
 a - a +8 executioner's axe of chopping (weapon)
 c - a +0 blowgun
 W - a +2 demon trident of freezing
Missiles
 k - 5 throwing nets (quivered)
 P - 10 javelins of returning
 V - 19 curare-tipped needles
Armour
 l - a +0 crystal plate armour (worn)
 u - a +1 pair of gloves of dexterity (worn)
 w - a scarf of repulsion (worn)
 y - a scarf of resistance
 z - the +2 pair of boots of the Assassin {Detection Stab+ Stlth++}
   (You acquired it on level 1 of the Shoals)

   It makes you much more stealthy.
 A - the +1 pair of boots "Ineson" (worn) {rElec rF+ MR+}
   (You bought it in a shop on level 2 of the Lair of Beasts)

   It protects you from fire.
   It insulates you from electricity.
   It affects your resistance to hostile enchantments.
 J - a +3 plate armour of fire resistance
 O - the +0 mask of the Dragon (worn) {MR+ Slay+3 SInv}
   (You found it in an ice cave)

   It affects your accuracy and damage with ranged weapons and melee attacks
   (+3).
   It affects your resistance to hostile enchantments.
   It lets you see invisible.
 Q - a +1 scale mail of poison resistance
 Z - a scarf of cloud immunity
Magical Staves
 d - an uncursed staff of power
Jewellery
 f - the amulet of Leonub (around neck) {Faith rPois rC- MR+ Str+3}
   (You took it off a minotaur in a labyrinth)

   [amulet of faith]

   It allows you to gain divine favour quickly.
   It affects your strength (+3).
   It makes you vulnerable to cold.
   It protects you from poison.
   It affects your resistance to hostile enchantments.
 h - a +3 ring of evasion (left hand)
 F - a ring of protection from cold (right hand)
 G - an uncursed ring of resist corrosion
 K - an uncursed ring of protection from fire
 U - an uncursed amulet of rage
Wands
 x - a wand of clouds (1/9)
 B - a wand of confusion (34/48)
 C - a wand of confusion (20/48)
 I - a wand of flame (1/48)
 T - a wand of acid (6/15)
Scrolls
 i - 4 scrolls of identify
 n - 2 scrolls of magic mapping
 q - 7 scrolls of remove curse
 r - 9 scrolls of teleportation
 t - 4 scrolls of immolation
 D - 4 scrolls of recharging
 L - 2 scrolls of fog
 S - a scroll of blinking
Potions
 b - 2 potions of curing
 g - 4 potions of haste
 j - 4 potions of lignification
 o - a potion of cancellation
 p - 2 potions of flight
 s - 3 potions of agility
 v - 3 potions of berserk rage
 E - a potion of brilliance
 H - 2 potions of mutation
 M - a potion of ambrosia
 N - 3 potions of magic
 R - a potion of might
 Y - 5 potions of resistance
Miscellaneous
 e - a fan of gales
 X - a lamp of fire
Comestibles
 m - 14 bread rations


   Skills:
 - Level 10.1 Fighting
 + Level 22.4(22.5) Axes
 - Level 3.3(13.6) Polearms
 + Level 13.7 Armour
 - Level 7.3 Dodging
 - Level 2.4 Stealth
 - Level 9.4 Spellcasting
 - Level 3.1 Conjurations
 - Level 2.1 Hexes
 - Level 4.6 Charms
 - Level 15.0 Necromancy
 - Level 3.0 Translocations
 - Level 3.0 Fire Magic
 - Level 3.5 Air Magic
 - Level 2.8 Poison Magic
 - Level 7.3 Evocations


You had 3 spell levels left.
You knew the following spells:

 Your Spells              Type           Power        Failure   Level  Hunger
a - Pain                  Necr           ####         1%          1    None
b - Blink                 Tloc           N/A          91%         2    None
c - Conjure Flame         Conj/Fire      ###.....     99%         3    None
e - Mephitic Cloud        Conj/Pois/Air  ###.....     99%         3    None
i - Silence               Hex/Air        ###.......   100%        5    #####..
l - Song of Slaying       Chrm           ####....     73%         2    None
m - Magic Dart            Conj           ###.         80%         1    None
r - Deflect Missiles      Chrm/Air       ###.......   100%        6    ######.
s - Swiftness             Chrm/Air       ###.....     80%         2    None
t - Shroud of Golubria    Chrm/Tloc      ###.......   83%         2    None
v - Vampiric Draining     Necr           ######....   3%          3    None
x - Spectral Weapon       Hex/Chrm       ###.....     98%         3    None


Dungeon Overview and Level Annotations

Branches:
Dungeon (15/15)            Temple (1/1) D:7            Lair (6/6) D:9
 Shoals (4/4) Lair:3       Spider (3/4) Lair:3        Slime (0/5) Lair:5
    Orc (2/2) D:10            Elf (1/3) Orc:2        Vaults (0/5) D:13
 Depths (0/5) D:15

Altars:
Ashenzari
Cheibriados
Dithmenos
Elyvilon
Fedhas
Gozag
Hepliaklqana
Makhleb
Nemelex Xobeh
Okawaru
Qazlal
Ru
Sif Muna
Trog
Uskayaw
Vehumet
Xom
Yredelemnul
Zin
Beogh

Shops:
Orc:2 :%:[   Elf:1 }[   Lair:2 [[===[[[[   Shoals:1 *

Portals:
Trove: D:14 (show slimy rune of Zot)

Annotations:
D:1 DIG FOOD
D:3 Agrougrou's ghost, amateur BaFi
D:4 exclusion: statue
D:5 exclusion: wizard
D:6 DIG
D:10 1 exclusion
D:11 Agrougrou's ghost, journeyman BaFi; pichaelthompson's ghost, journeyman DsBe
Shoals:4 Ilsuiw
Spider:3 Mara


Innate Abilities, Weirdness & Mutations

You are resistant to damage.
You can heal yourself by infusing magical energy.
You resist negative energy. (rN+)
You passively map a large area around you.
You do not regenerate.


Message History

The alligator snapping turtle is engulfed in poison gas.
The alligator snapping turtle looks as sick as possible!
You are starting to lose your buoyancy.
You see here a trident of venom.
Okay, then.
You float gracefully downwards.
Splash!
You fall into the shallow water.
Moving in this stuff is going to be slow.
Okay, then.
Okay, then.
You feel very buoyant.
You fly up into the air.
The alligator snapping turtle bites you from afar!!
* * * LOW HITPOINT WARNING * * *
Unknown command.
Unknown command.
The alligator snapping turtle bites you from afar!!
You die...
Your body crumbles into a pile of gold.

≈≈≈≈≈≈≈≈###≈#≈#≈###≈≈≈≈### ≈≈
≈≈≈≈≈≈≈≈##≈≈≈≈≈≈###t≈≈≈≈≈######
*≈≈≈≈≈≈≈≈###≈#≈#≈≈#≈≈≈≈≈≈≈≈#≈#≈#
#≈≈≈≈≈≈≈≈##≈≈≈≈≈≈≈##≈≈≈≈≈≈≈≈≈≈≈≈
#≈≈≈≈≈≈≈.##≈≈#≈#≈##≈≈≈≈≈≈≈≈≈≈.≈≈
#≈≈≈≈≈≈≈≈≈≈#######≈≈≈≈..≈≈≈≈≈..)
#≈≈≈≈≈≈.≈≈≈##≈###t≈≈≈≈..≈≈≈≈(...
#≈≈≈≈≈≈≈...≈≈≈≈≈≈≈≈≈≈≈..)[≈≈≈...
#≈≈≈≈≈≈≈.<..≈≈≈@≈≈≈≈≈≈≈≈≈≈≈[≈...
#≈≈≈≈≈≈≈.....≈≈≈≈≈≈≈≈≈≈#####≈#..
#≈≈≈≈≈≈.......≈≈≈≈≈≈≈≈≈#######≈.
#≈≈≈≈≈≈........)≈≈≈≈≈###≈≈≈#≈≈#≈
#≈≈≈≈≈≈.........≈≈≈≈≈##≈≈≈≈≈≈≈##
#≈≈≈≈≈≈...........≈≈≈≈##≈#≈#≈###
#≈≈≈≈≈≈≈...........≈≈###≈≈}≈≈###
#≈≈≈≈≈≈≈≈≈....##..≈≈≈≈##≈#≈#≈##≈
#≈≈≈≈≈≈≈≈≈≈≈.....≈≈≈≈##≈≈≈≈≈≈≈##


You could see an alligator snapping turtle.

Vanquished Creatures
  Arachne (Spider:3)
  An Ice Fiend (IceCv)
  2 krakens
  Agnes (D:15)
  Donald (Spider:2)
  2 orc warlords
  A deep elf sorcerer (Elf:1)
  2 ghost moths
  An imperial myrmidon (Desolation)
  3 emperor scorpions
  A stone giant (Shoals:1)
  4 entropy weavers
  Azrael (D:14)
  2 halazid warlocks (Desolation)
  The ghost of Ratty the Nimble, a journeyman HuFi of Ru (Lair:2)
  An ettin (D:13)
  3 crystal guardians (Desolation)
  Snorg (D:11)
  A minotaur (Lab)
  7 ragged hierophants (Desolation)
  Josephine (D:10)
  3 merfolk javelineers (Shoals:4)
  2 fire dragons
  5 hydras
  5 merfolk impalers
  5 servants of whispers (Desolation)
  5 peacekeepers (Desolation)
  Harold (D:10)
  4 merfolk avatars
  2 death knights
  An alligator snapping turtle (Shoals:2)
  A queen ant (Lair:5)
  A centaur warrior (D:14)
  A satyr (Shoals:2)
  4 two-headed ogres
  6 merfolk aquamancers
  An ogre mage (D:9)
  2 orc high priests (Orc:2)
  10 death yaks
  Urug (D:12)
  4 deep elf knights
  Sonja (Orc:2)
  3 skeletal warriors
  8 sea snakes
  A golden dragon zombie (D:15)
  4 unseen horrors
  A phantasmal warrior (D:15)
  A necromancer (D:15)
  3 deep elf archers (Elf:1)
  An orc knight (Orc:1)
  14 harpies
  A fire giant zombie (D:15)
  An ironbrand convoker (Desolation)
  2 lindwurms (Lair:6)
  A wizard (D:14)
  11 orb spiders
  25 deep elf magi
  5 orc sorcerers
  23 wolf spiders
  12 cyclopes
  13 fauns
  6 ugly things
  2 moths of wrath (Spider:2)
  24 manticores
  15 elephants
  A black mamba (shapeshifter) (D:13)
  2 guardian serpents
  10 merfolk sirens
  11 black mambas
  2 water nymphs
  2 ice statues (IceCv)
  9 torpor snails
  A gargoyle (D:10)
  A molten gargoyle (Desolation)
  A kobold demonologist (D:13)
  4 komodo dragons
  14 spiny frogs
  2 freezing wraiths
  15 demonic crawlers
  8 rime drakes
  11 ice devils (IceCv)
  A golden dragon simulacrum (IceCv)
  A guardian mummy (D:14)
  23 merfolk
  8 trolls
  3 tyrant leeches (Lair:6)
  2 polar bears
  2 meliai (D:13)
  30 jumping spiders
  27 hornets
  A queen bee (D:13)
  4 wind drakes
  33 saltlings (Desolation)
  4 slime creatures
  15 blink frogs
  A harpy skeleton (D:14)
  3 dream sheep
  A snapping turtle (shapeshifter) (D:13)
  21 hippogriffs
  A snapping turtle (Lair:3)
  5 shadows
  17 tarantellas
  An ice dragon skeleton (D:15)
  56 redbacks
  A spriggan (shapeshifter) (D:13)
  49 yaks
  18 wyverns
  A dire elephant simulacrum (IceCv)
  6 wraiths
  A vampire (D:13)
  4 fire elementals
  A human (D:8)
  18 water elementals
  2 vampire mosquitoes (D:10)
  11 basilisks
  3 hogs (D:8)
  A warg (Orc:1)
  4 harpy simulacra (IceCv)
  An iron troll simulacrum (IceCv)
  21 soldier ants
  28 water moccasins
  10 porcupines
  25 orc warriors
  6 ice beasts
  3 sky beasts
  3 black bears
  16 wolves
  16 centaurs
  12 ogres
  15 crocodiles
  12 bullfrogs
  2 big kobolds
  A yaktaur zombie (D:15)
  A wyvern zombie (D:11)
  3 earth elementals (Elf:1)
  2 scorpions
  27 killer bees
  2 electric eels
  4 howler monkeys
  5 crimson imps
  5 centaur zombies
  A bullfrog zombie (D:9)
  5 hounds
  4 jellies
  24 orc priests
  Crazy Yiuf (D:6)
  3 bullfrog skeletons
  6 centaur skeletons
  An iguana (D:11)
  34 orc wizards
  23 worker ants
  A hell rat (D:9)
  A centaur simulacrum (D:10)
  A hound zombie (D:5)
  A hound skeleton (D:9)
  A worker ant zombie (D:8)
  5 gnolls
  A howler monkey skeleton (D:9)
  15 adders
  3 shadow imps
  5 white imps (D:10)
  A worker ant simulacrum (D:10)
  An ufetubus (D:10)
  An ooze (D:3)
  An adder skeleton (D:6)
  A worm (D:2)
  An adder simulacrum (D:10)
  3 leopard geckos
  74 orcs
  A ball python (D:1)
  6 giant cockroaches
  16 goblins
  8 hobgoblins
  6 jackals
  7 quokkas
  A ball python skeleton (D:4)
  5 bats
  4 frilled lizards
  A jackal skeleton (D:8)
  18 kobolds
  2 leopard gecko skeletons
  A leopard gecko zombie (D:6)
  A quokka zombie (D:8)
  5 rats
  6 fungi
  8 plants
  7 tentacles
1296 creatures vanquished.

Vanquished Creatures (collateral kills)
  The ghost of dscm the Martial Artist, a journeyman OpFi of Cheibriados (Spider:1)
  A wolf spider zombie (D:14)
  A meliai (D:13)
  3 tarantellas (Spider:1)
  A fire elemental (D:14)
  A bullfrog (D:14)
  2 killer bees (D:13)
  A leopard gecko (D:10)
11 creatures vanquished.

Vanquished Creatures (others)
  8 dancing weapons (Elf:1)
  An unseen horror (D:12)
  A redback (Spider:3)
  A vampire mosquito (D:10)
  2 killer bees (D:13)
  A hound (D:10)
  An orc wizard (D:4)
  A quokka (D:4)
  44 fungi
  44 plants
  15 tentacles
  A withered plant (D:15)
120 creatures vanquished.

Grand Total: 1427 creatures vanquished

Notes
Turn   | Place    | Note
-------+----------+-------------------------------------------
     0 | D:1      | letownia2 the Deep Dwarf Necromancer began the quest for the Orb.
     0 | D:1      | Reached XP level 1. HP: 15/15 MP: 3/3
   228 | D:1      | Reached XP level 2. HP: 22/22 MP: 1/5
   635 | D:2      | Reached skill level 5 in Necromancy
   829 | D:2      | Reached XP level 3. HP: 24/28 MP: 0/6
   834 | D:2      | Learned a level 3 spell: Vampiric Draining
  1187 | D:4      | Reached XP level 4. HP: 28/36 MP: 0/7
  1465 | D:4      | Reached XP level 5. HP: 33/42 MP: 2/8
  1533 | D:4      | Found a radiant altar of Vehumet.
  1533 | D:4      | Noticed a charred statue
  1838 | D:4      | Found a snail-covered altar of Cheibriados.
  2046 | D:4      | Found a stormy altar of Qazlal.
  2131 | D:4      | Found a white marble altar of Elyvilon.
  2377 | D:5      | Entered Level 5 of the Dungeon
  2377 | D:5      | Noticed an ogre
  2387 | D:5      | Killed an ogre
  2387 | D:5      | Reached skill level 1 in Fighting
  2387 | D:5      | Reached XP level 6. HP: 8/51 MP: 0/10
  2399 | D:5      | Found a sacrificial altar of Ru.
  2805 | D:5      | Reached XP level 7. HP: 35/61 MP: 10/12
  2963 | D:5      | Found a bloodstained altar of Trog.
  2965 | D:5      | Noticed a wizard
  2992 | D:5      | Found a shadowy altar of Dithmenos.
  3369 | D:6      | Reached skill level 1 in Armour
  3647 | D:6      | Found a glowing silver altar of Zin.
  4193 | D:6      | Found a runed door.
  4195 | D:6      | Got a scorched mace
  4197 | D:6      | Identified the +3 mace of Insufficient Pleasure {crush, Dex+2} (You found it on level 6 of the Dungeon)
  4290 | D:7      | Found a staircase to the Ecumenical Temple.
  4344 | Temple   | Entered the Ecumenical Temple
  4346 | Temple   | Reached XP level 8. HP: 54/69 MP: 7/14
  4387 | Temple   | Became a worshipper of Gozag Ym Sagoz the Greedy
  5078 | D:6      | Noticed Crazy Yiuf
  5081 | D:6      | Killed Crazy Yiuf
  5081 | D:6      | Reached skill level 5 in Spellcasting
  5170 | D:3      | Noticed Agrougrou's ghost (amateur BaFi)
  5685 | D:3      | Reached skill level 1 in Evocations
  5891 | D:2      | Found a deep blue altar of Sif Muna.
  6838 | D:8      | You fall through a shaft!
  6902 | D:9      | Killed an unseen horror
  6902 | D:9      | Reached skill level 5 in Evocations
  6916 | D:9      | Got a crystal falchion
  6919 | D:9      | Identified the +3 falchion of Haska {elec, Dex+5 Stlth-} (You found it on level 9 of the Dungeon)
  6956 | D:9      | Noticed a hippogriff
  6963 | D:9      | Killed a hippogriff
  7201 | D:9      | Gained mutation: You passively map the area around you. [Deep Dwarf growth]
  7201 | D:9      | Reached XP level 9. HP: 39/76 MP: 14/18
  8735 | D:9      | Noticed an ogre mage
  8751 | D:9      | Killed an ogre mage
  8751 | D:9      | Reached skill level 10 in Necromancy
  8753 | D:9      | Got a warped spear {venom}
  8766 | D:9      | Identified the +2 spear "Zym Umai" {venom, Int+2 Dex+2} (You took it off an ogre mage on level 9 of the Dungeon)
  8924 | D:9      | Reached skill level 1 in Axes
  8924 | D:9      | Reached XP level 10. HP: 50/84 MP: 7/21
  8990 | D:9      | Got a twisted short sword {flame}
  8991 | D:9      | Identified the +10 short sword "Concordance" {flame, rN+ Int+3} (You took it off a crimson imp on level 9 of the Dungeon)
  9026 | D:9      | Reached skill level 2 in Axes
  9180 | D:9      | Found a staircase to the Lair.
  9185 | D:9      | Noticed a death yak
  9185 | D:9      | Noticed a death yak
  9187 | D:9      | Noticed a death yak
  9342 | D:8      | Killed a death yak
  9342 | D:8      | Reached skill level 4 in Axes
  9551 | D:10     | Entered Level 10 of the Dungeon
  9570 | D:10     | Noticed a two-headed ogre
  9680 | D:10     | Noticed a gargoyle
  9696 | D:10     | Killed a gargoyle
 11109 | D:10     | Noticed Harold
 11497 | D:10     | Reached skill level 5 in Armour
 11542 | D:10     | Reached skill level 5 in Fighting
 11542 | D:10     | Reached XP level 11. HP: 31/94 MP: 15/23
 11642 | D:10     | Noticed Josephine
 11772 | D:10     | Found a staircase to the Orcish Mines.
 11801 | D:10     | Killed a two-headed ogre
 12202 | D:10     | Killed Harold
 12388 | D:10     | Killed Josephine
 12918 | Lair:1   | Entered Level 1 of the Lair of Beasts
 13143 | Lair:1   | Learned a level 2 spell: Swiftness
 13166 | Lair:2   | Bought a pair of encrusted gloves for 323 gold pieces
 13176 | Lair:2   | Identified the -1 pair of gloves of the Unbroken {rPois MR- Str+2} (You bought it in a shop on level 2 of the Lair of Beasts)
 13678 | D:9      | Killed a death yak
 13851 | Orc:1    | Entered Level 1 of the Orcish Mines
 14077 | Orc:1    | Noticed an orc warlord
 14097 | Orc:1    | Noticed an orc sorcerer
 14107 | Orc:1    | Killed an orc warlord
 14107 | Orc:1    | Reached skill level 5 in Dodging
 14162 | Orc:1    | Killed an orc sorcerer
 14162 | Orc:1    | Reached XP level 12. HP: 26/103 MP: 17/24
 14645 | Lair:1   | Found a white marble altar of Elyvilon.
 15046 | Orc:2    | Entered Level 2 of the Orcish Mines
 15046 | Orc:2    | Found a staircase to the Elven Halls.
 15164 | Orc:2    | Noticed Sonja
 15172 | Orc:2    | Killed Sonja
 15359 | Orc:2    | Noticed a two-headed ogre
 15369 | Orc:2    | Killed a two-headed ogre
 15468 | Orc:1    | Found a transporter.
 15943 | Orc:1    | Reached skill level 5 in Axes
 16243 | Lair:2   | Got an ivory glaive
 16244 | Lair:2   | Identified the +3 glaive "Puimuo" {speed, *Slow +Rage MR+ Int+2} (You found it on level 2 of the Lair of Beasts)
 16379 | Lair:2   | Bought a pair of twisted boots for 380 gold pieces
 16389 | Lair:2   | Identified the cursed +0 pair of boots of Beorosch {rElec Dex+3} (You bought it in a shop on level 2 of the Lair of Beasts)
 16605 | Orc:2    | Reached skill level 6 in Axes
 16620 | Orc:2    | Noticed an orc high priest
 16695 | Orc:2    | Killed an orc high priest
 16955 | Orc:2    | Found a roughly hewn altar of Beogh.
 17046 | Orc:2    | Found Eduitil's Book Shoppe.
 17046 | Orc:2    | Found Henlau's Book Emporium.
 17047 | Orc:2    | Found Adghin's Food Emporium.
 17120 | Orc:2    | Reached skill level 7 in Axes
 17299 | Orc:2    | Noticed an orc high priest
 17308 | Orc:2    | Killed an orc high priest
 17483 | Orc:2    | Found Lisaijod's Antique Armour Shoppe.
 17561 | Orc:2    | Reached skill level 8 in Axes
 17680 | Orc:2    | Noticed an orc warlord
 17829 | Lair:2   | Noticed Ratty's ghost (journeyman HuFi)
 17893 | Lair:2   | Killed Ratty's ghost
 18073 | Lair:1   | Reached skill level 9 in Axes
 18283 | Lair:2   | Noticed a five-headed hydra
 18648 | Lair:1   | Reached XP level 13. HP: 91/115 MP: 2/25
 19013 | D:11     | Noticed Agrougrou's ghost (journeyman BaFi)
 19060 | D:11     | Noticed pichaelthompson's ghost (journeyman DsBe)
 19166 | D:11     | Noticed Snorg
 19323 | D:11     | Killed Snorg
 19323 | D:11     | Reached skill level 10 in Axes
 19896 | D:12     | Noticed Urug
 19906 | D:12     | Killed Urug
 19906 | D:12     | Reached skill level 11 in Axes
 20044 | D:12     | Found a labyrinth entrance.
 20093 | Lab      | Entered a labyrinth
 20497 | Lab      | Noticed a minotaur
 20507 | Lab      | Killed a minotaur
 20507 | Lab      | Reached skill level 12 in Axes
 20552 | Lab      | Got a faintly glowing ivory amulet
 20553 | Lab      | Got a jewelled longbow
 20562 | Lab      | Identified the +6 longbow of Fimbulwinter {velocity, Int+3} (You took it off a minotaur in a labyrinth)
 20575 | Lab      | Identified the amulet of Leonub {Faith rPois rC- MR+ Str+3} (You took it off a minotaur in a labyrinth)
 21551 | Orc:2    | Killed an orc warlord
 22096 | Orc:2    | Reached skill level 13 in Axes
 22136 | Orc:1    | Noticed a stone giant
 22136 | Orc:1    | Found a roughly hewn altar of Beogh.
 22459 | Lair:2   | Reached skill level 1 in Polearms
 22675 | D:13     | Noticed an ettin
 22687 | D:13     | Killed an ettin
 22743 | D:13     | Found a gate to the Vaults.
 22778 | D:13     | Learned a level 5 spell: Silence
 22785 | D:13     | Learned a level 6 spell: Deflect Missiles
 23381 | Lair:3   | Learned a level 2 spell: Shroud of Golubria
 23384 | Lair:3   | Learned a level 2 spell: Song of Slaying
 23388 | Lair:3   | Learned a level 3 spell: Spectral Weapon
 23598 | D:12     | Reached skill level 1 in Charms
 23787 | D:12     | Gained mutation: You resist negative energy. (rN+) [Deep Dwarf growth]
 23787 | D:12     | Reached XP level 14. HP: 98/123 MP: 5/26
 24159 | D:13     | Reached skill level 1 in Translocations
 24425 | D:13     | Reached skill level 1 in Hexes
 24431 | D:13     | Reached skill level 1 in Air Magic
 25017 | D:14     | Found a sparkling altar of Nemelex Xobeh.
 25126 | D:14     | Found a flagged portal.
 25515 | Bailey   | Entered a bailey
 26301 | D:14     | Noticed Azrael
 26487 | D:14     | Found a portal to a secret trove of treasure.
 26685 | D:14     | You fall through a shaft!
 26685 | D:15     | Entered Level 15 of the Dungeon
 26814 | D:15     | Found a staircase to the Depths.
 27539 | Lair:3   | Found a staircase to the Shoals.
 27587 | Lair:3   | Identified a scroll of acquirement
 27894 | Lair:4   | Reached skill level 14 in Axes
 27983 | Lair:6   | Entered Level 6 of the Lair of Beasts
 28506 | Lair:6   | Reached skill level 15 in Axes
 28776 | Lair:6   | Reached XP level 15. HP: 110/132 MP: 23/27
 29302 | Lair:6   | Reached skill level 16 in Axes
 29331 | Lair:5   | Found a staircase to the Slime Pits.
 30571 | Lair:6   | Reached skill level 17 in Axes
 31183 | Lair:6   | Found a runed door.
 31994 | Lair:6   | Paralysed by a hornet for 2 turns
 32136 | Lair:6   | Reached skill level 18 in Axes
 32978 | Lair:3   | Found a hole to the Spider Nest.
 33064 | Spider:1 | Entered Level 1 of the Spider Nest
 33384 | Lair:2   | Bought a pair of distressingly furry boots for 389 gold pieces
 33396 | Lair:2   | Identified the +1 pair of boots "Ineson" {rElec rF+ MR+} (You bought it in a shop on level 2 of the Lair of Beasts)
 33709 | Spider:1 | Noticed dscm's ghost (journeyman OpFi)
 33765 | Lair:3   | Reached XP level 16. HP: 104/139 MP: 21/28
 34250 | Spider:1 | Reached skill level 10 in Armour
 35002 | Spider:1 | Killed dscm's ghost
 35442 | Spider:2 | Reached skill level 15 in Necromancy
 36394 | Spider:2 | Noticed Donald
 36421 | Spider:2 | Killed Donald
 37052 | D:13     | Reached skill level 19 in Axes
 37310 | D:14     | Killed Azrael
 37650 | D:15     | Noticed Agnes
 37659 | D:15     | Killed Agnes
 38105 | D:15     | Found a blossoming altar of Fedhas.
 39333 | Spider:2 | Got a faintly humming ring mail
 39344 | Spider:2 | Identified the +3 ring mail "Diorchu Azuo" {+Blink rC++ Slay-4} (You found it on level 2 of the Spider Nest)
 39513 | Spider:2 | Reached skill level 20 in Axes
 39878 | Spider:2 | Reached XP level 17. HP: 103/148 MP: 0/29
 40045 | Spider:2 | Paralysed by a hornet for 3 turns
 40396 | Spider:3 | Noticed Mara
 40398 | Spider:3 | Noticed letownia2's illusion
 41182 | Shoals:1 | Entered Level 1 of the Shoals
 41217 | Shoals:1 | Found Plog's General Store.
 41431 | Shoals:1 | Found a frozen archway.
 41500 | IceCv    | Entered an ice cave
 41921 | IceCv    | Noticed an Ice Fiend
 41929 | IceCv    | Killed an Ice Fiend
 41963 | IceCv    | Got a polished flail
 42340 | Shoals:1 | Identified the +5 flail "Widowmaker" {elec, rPois rF- MR++ Int+3} (You found it in an ice cave)
 42543 | Shoals:1 | Noticed a kraken
 43141 | Shoals:2 | Reached skill level 10 in Fighting
 43297 | Shoals:2 | HP: 7/153 [merfolk aquamancer/torrent of water (32)]
 44284 | Orc:2    | Bought a book of Minor Magic for 240 gold pieces
 44288 | Orc:2    | Learned a level 3 spell: Mephitic Cloud
 44292 | Orc:2    | Learned a level 3 spell: Conjure Flame
 44295 | Orc:2    | Learned a level 2 spell: Blink
 44325 | Elf:1    | Entered Level 1 of the Elven Halls
 44453 | Elf:1    | Reached skill level 1 in Conjurations
 44453 | Elf:1    | Reached skill level 1 in Fire Magic
 44453 | Elf:1    | Reached skill level 1 in Poison Magic
 44532 | Elf:1    | Found a radiant altar of Vehumet.
 44543 | Elf:1    | Found a ruined gateway.
 44552 | Desolati | Entered the Desolation of Salt
 45861 | Desolati | Gained mutation: You passively map a large area around you. [Deep Dwarf growth]
 45861 | Desolati | Reached XP level 18. HP: 76/160 MP: 19/30
 45942 | Desolati | Identified the Collected Works on Calling and Curses
 45946 | Desolati | Learned a level 1 spell: Magic Dart
 45951 | Desolati | Got a scorched leather armour
 45962 | Desolati | Identified the +2 leather armour of Defence {Str+3} (You found it in the Desolation of Salt)
 46341 | Desolati | Got a steaming hand axe
 46344 | Desolati | Got a twisted flail
 46360 | Desolati | Identified the +10 hand axe "Wunke" {flame, Fragile rPois Str+3} (You found it in the Desolation of Salt)
 46646 | Elf:1    | Reached skill level 21 in Axes
 46946 | Elf:1    | Found Panoe's Antique Armour Shoppe.
 47018 | Elf:1    | Found Ezisog's Gadget Shop.
 47690 | Lair:2   | Identified the +3 flail of Oquamet {crush, MP-9 Int+5} (You found it in the Desolation of Salt)
 48632 | Spider:3 | Noticed Arachne
 48658 | Spider:3 | Killed Arachne
 48810 | Spider:3 | Noticed letownia2's illusion
 49449 | Shoals:1 | Bought a potion of curing for 30 gold pieces
 50736 | Shoals:3 | Reached skill level 22 in Axes
 51002 | Shoals:4 | Entered Level 4 of the Shoals
 51965 | Shoals:3 | Reached XP level 19. HP: 158/168 MP: 15/32
 52070 | Shoals:4 | Noticed Ilsuiw
 52552 | Shoals:4 | Slain by an alligator snapping turtle

Skill      XL: |  1  2  3  4  5  6  7  8  9 10 11 12 13 14 15 16 17 18 |
---------------+-------------------------------------------------------+-----
Spellcasting   | 2 3 4 6 7 8 9 |  9.4
Necromancy     | 5 6 7 8 10 11 13 14 15 | 15.0
Fighting       | 1 2 3 5 7 8 10 | 10.1
Armour         | 2 5 6 8 9 10 11 13 | 13.7
Evocations     | 6 7 |  7.3
Axes           | 1 4 9 13 15 18 20 22 | 22.4
Dodging        | 5 7 |  7.3
Polearms       | 3 |  3.3
Charms         | 1 3 4 |  4.6
Translocations | 3 |  3.0
Hexes          | 2 |  2.1
Air Magic      | 2 3 |  3.5
Conjurations   | 3 |  3.1
Fire Magic     | 3 |  3.0
Poison Magic   | 2 |  2.8
Stealth        | |  2.4

Action                   |  1- 3 |  4- 6 |  7- 9 | 10-12 | 13-15 | 16-18 | 19-21 || total
-------------------------+-------+-------+-------+-------+-------+-------+-------++-------
Melee: Dagger            |     6 |     1 |       |       |       |       |       ||     7
       Morningstar       |       |    16 |    61 |       |       |       |       ||    77
       Mace              |       |       |    14 |       |       |       |       ||    14
       Falchion          |       |       |    88 |    19 |       |       |       ||   107
       Spear             |       |       |     5 |     3 |       |       |       ||     8
       Short sword       |       |       |       |   289 |   316 |    17 |       ||   622
       Staff             |       |       |       |       |    27 |    26 |     1 ||    54
       Executioner's axe |       |       |       |       |   450 |   989 |    41 ||  1480
       Lajatang          |       |       |       |       |       |     1 |       ||     1
       Hand axe          |       |       |       |       |       |    70 |       ||    70
 Fire: Longbow           |       |       |       |       |     9 |       |       ||     9
       Blowgun           |       |       |       |       |       |     8 |       ||     8
Throw: Throwing net      |       |       |       |       |     9 |     3 |       ||    12
       Javelin           |       |       |       |       |     6 |       |       ||     6
 Cast: Pain              |    49 |    40 |    83 |    48 |    65 |    31 |       ||   316
       Vampiric Draining |       |    15 |    80 |   374 |   666 |   914 |    39 ||  2088
       Song of Slaying   |       |       |       |       |     1 |       |       ||     1
       Mephitic Cloud    |       |       |       |       |       |     1 |       ||     1
Invok: Call Merchant     |       |       |       |     3 |     4 |     2 |       ||     9
       Potion Petition   |       |       |       |       |       |     1 |       ||     1
 Abil: Evoke Berserk Rag |       |       |       |       |       |     2 |       ||     2
Evoke: Wand              |       |       |     2 |    49 |    76 |    49 |     2 ||   178
       Lamp of fire      |       |       |       |       |     3 |     4 |       ||     7
       Box of beasts     |       |       |       |       |     2 |     4 |       ||     6
  Use: Scroll            |       |       |     3 |    17 |    30 |    21 |       ||    71
       Potion            |       |       |       |       |     1 |    15 |     2 ||    18
 Stab: Betrayed ally     |       |       |       |     1 |       |       |       ||     1
       Distracted        |       |       |       |     1 |    12 |    11 |       ||    24
       Confused          |       |       |       |       |    11 |     2 |       ||    13
       Sleeping          |       |       |       |       |     1 |       |       ||     1
  Eat: Chunk             |     1 |     8 |     7 |       |       |       |       ||    16
       Royal jelly       |       |       |     6 |     2 |    20 |     7 |       ||    35
       Fruit             |       |       |     4 |     3 |     4 |     3 |       ||    14
       Meat ration       |       |       |     1 |     4 |     1 |     5 |       ||    11
       Bread ration      |       |       |       |       |     1 |     3 |     1 ||     5
Armor: Ring mail         |     1 |    10 |   107 |   151 |   311 |       |       ||   580
       Chain mail        |       |       |       |    70 |   160 |       |       ||   230
       Crystal plate arm |       |       |       |       |   150 |  1982 |    77 ||  2209
       Skin              |       |       |       |       |    12 |       |       ||    12
       Scale mail        |       |       |       |       |       |    55 |       ||    55
       Plate armour      |       |       |       |       |       |     6 |       ||     6
Dodge: Dodged            |    13 |    19 |   163 |   419 |  1396 |  1068 |    48 ||  3126
       Deflected         |       |       |       |       |     2 |    45 |    14 ||    61
       Rpst.: Falchion   |       |       |    23 |     1 |       |       |       ||    24
